[ AOE2 MATCH · #489628368 ]
UnrankedBurmese vs Cumans
Player's team · LOSS
Rival team · WIN
[ REPLAY ANALYSIS · EXTRACTED FROM THE RECORDED GAME ]
Feudal
9:22
Castle
13:32
Imperial
—
| APM avg | 35.5 |
| APM peak | 79 |
| eAPM avg | 17.6 |
| Villagers / military | 56 / 67 |
Focus
⚔️ 46.5% · 🌾 53.5%
Scorpion ×42 · Spearman ×14 · Battering Ram ×11
Feudal
10:28
Castle
30:14
Imperial
—
| APM avg | 35.6 |
| APM peak | 71 |
| eAPM avg | 19.3 |
| Villagers / military | 85 / 24 |
Focus
⚔️ 32.1% · 🌾 67.9%
Scout Cavalry ×23 · Knight ×1
Match map
Initial resources + every placement click. Lines = walls · curves = elevation contours. ◆ gold · ⬟ stone · ● berries · ✦ relic · ◌ wall gap
Your base· Open — unwalled flank
bl1ss's base· Open — unwalled flank
Smoothed initial terrain · ◌ = detected wall gap · hover for details
Inputs per minute
— DS_Gitano Urbano - - bl1ss
Build order — DS_Gitano Urbano
First 150 of 170 actions detected
| 0:01 | Create | Villager (Male) ×4 |
| 0:02 | Build | House |
| 0:04 | Build | House |
| 1:34 | Create | Villager (Male) |
| 2:00 | Build | Lumber Camp |
| 2:03 | Create | Villager (Male) |
| 2:27 | Create | Villager (Male) |
| 2:38 | Create | Villager (Male) |
| 3:11 | Create | Villager (Male) |
| 3:35 | Create | Villager (Male) |
| 3:51 | Build | House |
| 3:52 | Build | House |
| 3:57 | Create | Villager (Male) |
| 4:12 | Create | Villager (Male) |
| 4:34 | Build | Mill |
| 4:48 | Create | Villager (Male) |
| 5:19 | Create | Villager (Male) |
| 5:36 | Create | Villager (Male) |
| 6:09 | Research | Loom |
| 6:43 | Create | Villager (Male) |
| 7:12 | Research | Feudal Age |
| 9:22 | Age | Feudal Age |
| 9:22 | Create | Villager (Male) |
| 9:35 | Build | Market |
| 9:38 | Build | Blacksmith |
| 9:41 | Build | Mill |
| 10:52 | Research | Castle Age |
| 11:32 | Build | Mining Camp |
| 12:15 | Research | Gold Mining |
| 13:22 | Create | Villager (Male) |
| 13:24 | Build | House |
| 13:32 | Age | Castle Age |
| 13:38 | Build | Siege Workshop |
| 13:52 | Build | Siege Workshop |
| 13:56 | Create | Villager (Male) |
| 14:08 | Create | Villager (Male) |
| 14:28 | Create | Scorpion |
| 14:32 | Create | Battering Ram |
| 14:39 | Build | House |
| 14:44 | Create | Villager (Male) |
| 14:50 | Create | Scorpion |
| 14:51 | Create | Scorpion |
| 14:57 | Create | Scorpion |
| 15:09 | Create | Villager (Male) |
| 15:19 | Create | Scorpion |
| 15:47 | Create | Scorpion |
| 15:48 | Create | Scorpion |
| 16:01 | Create | Scorpion |
| 16:18 | Create | Scorpion |
| 16:19 | Create | Villager (Male) |
| 16:19 | Create | Villager (Male) |
| 17:04 | Create | Villager (Male) |
| 17:20 | Create | Battering Ram |
| 17:26 | Create | Villager (Male) |
| 17:41 | Build | House |
| 18:17 | Create | Battering Ram |
| 18:27 | Create | Scorpion |
| 18:30 | Create | Villager (Male) |
| 18:31 | Create | Villager (Male) |
| 18:31 | Create | Villager (Male) |
| 18:40 | Build | Lumber Camp |
| 19:29 | Create | Scorpion |
| 19:29 | Create | Scorpion |
| 19:40 | Create | Scorpion |
| 19:40 | Create | Scorpion |
| 19:54 | Create | Scorpion |
| 19:54 | Create | Scorpion |
| 20:22 | Build | Farm |
| 20:22 | Build | Farm |
| 20:23 | Build | Farm |
| 20:30 | Create | Villager (Male) |
| 20:47 | Create | Villager (Male) |
| 20:49 | Create | Battering Ram |
| 21:23 | Create | Battering Ram |
| 21:28 | Create | Battering Ram |
| 21:38 | Create | Villager (Male) |
| 21:42 | Build | House |
| 21:50 | Create | Scorpion |
| 21:51 | Create | Scorpion |
| 21:51 | Create | Scorpion |
| 22:12 | Create | Scorpion |
| 22:12 | Create | Scorpion |
| 22:15 | Create | Villager (Male) |
| 22:31 | Build | House |
| 22:43 | Create | Battering Ram |
| 23:08 | Create | Scorpion |
| 23:09 | Create | Scorpion |
| 23:10 | Create | Villager (Male) |
| 23:38 | Build | Farm |
| 23:38 | Build | Farm |
| 24:00 | Create | Villager (Male) |
| 24:06 | Build | Farm |
| 24:10 | Build | Barracks |
| 24:19 | Create | Scorpion |
| 24:36 | Build | Farm |
| 24:38 | Create | Villager (Male) |
| 24:51 | Create | Spearman |
| 24:51 | Create | Spearman |
| 24:54 | Create | Scorpion |
| 24:55 | Create | Scorpion |
| 25:05 | Create | Villager (Male) |
| 25:12 | Build | Farm |
| 25:34 | Create | Scorpion |
| 25:35 | Create | Scorpion |
| 25:41 | Create | Battering Ram |
| 25:53 | Create | Villager (Male) |
| 26:02 | Create | Villager (Male) |
| 26:09 | Create | Battering Ram |
| 26:26 | Create | Villager (Male) |
| 26:28 | Research | Town Watch |
| 26:39 | Create | Scorpion |
| 27:03 | Create | Scorpion |
| 27:19 | Create | Scorpion |
| 27:22 | Create | Spearman |
| 27:22 | Create | Spearman |
| 27:35 | Create | Villager (Male) |
| 27:35 | Create | Villager (Male) |
| 27:41 | Create | Scorpion |
| 27:42 | Create | Scorpion |
| 28:29 | Create | Villager (Male) |
| 28:37 | Create | Villager (Male) |
| 28:49 | Create | Battering Ram |
| 28:51 | Create | Villager (Male) |
| 28:54 | Create | Spearman |
| 28:54 | Create | Spearman |
| 29:07 | Create | Spearman |
| 29:17 | Build | Lumber Camp |
| 29:22 | Create | Spearman |
| 29:39 | Create | Villager (Male) |
| 29:52 | Build | Farm |
| 30:07 | Build | Farm |
| 30:15 | Create | Villager (Male) |
| 30:24 | Create | Scorpion |
| 30:35 | Create | Scorpion |
| 30:52 | Create | Villager (Male) |
| 30:56 | Create | Villager (Male) |
| 31:00 | Build | Mining Camp |
| 31:05 | Create | Spearman |
| 31:23 | Create | Villager (Male) |
| 31:37 | Create | Spearman |
| 31:37 | Create | Spearman |
| 31:43 | Create | Battering Ram |
| 31:54 | Create | Villager (Male) |
| 32:00 | Build | House |
| 32:02 | Build | Palisade Wall |
| 32:05 | Build | House |
| 32:07 | Build | Palisade Wall |
| 32:08 | Build | Palisade Wall |
| 32:12 | Build | Palisade Wall |
| 32:16 | Build | Palisade Wall |
Build order — bl1ss
First 150 of 173 actions detected
| 0:01 | Create | Villager (Male) |
| 0:02 | Build | House |
| 0:03 | Build | House |
| 0:13 | Create | Villager (Male) |
| 0:13 | Create | Villager (Male) |
| 0:18 | Create | Villager (Male) |
| 1:12 | Create | Villager (Male) |
| 1:46 | Create | Villager (Male) |
| 1:46 | Create | Villager (Male) |
| 1:52 | Build | Lumber Camp |
| 2:10 | Create | Villager (Male) |
| 2:43 | Create | Villager (Male) |
| 3:08 | Create | Villager (Male) |
| 3:23 | Build | House |
| 3:37 | Create | Villager (Male) |
| 4:01 | Create | Villager (Male) |
| 4:02 | Create | Villager (Male) |
| 4:11 | Build | Mill |
| 4:40 | Create | Villager (Male) |
| 5:00 | Create | Villager (Male) |
| 5:27 | Create | Villager (Male) |
| 5:44 | Create | Villager (Male) |
| 5:55 | Build | House |
| 6:00 | Create | Villager (Male) |
| 6:27 | Build | Mill |
| 6:44 | Create | Villager (Male) |
| 6:57 | Create | Villager (Male) |
| 7:19 | Build | House |
| 7:47 | Research | Loom |
| 8:18 | Research | Feudal Age |
| 10:28 | Age | Feudal Age |
| 10:35 | Build | Town Center |
| 10:45 | Create | Villager (Male) |
| 10:46 | Create | Villager (Male) |
| 11:15 | Build | Farm |
| 11:20 | Build | Barracks |
| 11:28 | Create | Villager (Male) |
| 11:46 | Create | Villager (Male) |
| 12:08 | Create | Villager (Male) |
| 12:10 | Build | Farm |
| 12:14 | Build | Farm |
| 12:23 | Create | Villager (Male) |
| 12:36 | Create | Villager (Male) |
| 12:37 | Create | Villager (Male) |
| 12:37 | Create | Villager (Male) |
| 12:37 | Create | Villager (Male) |
| 13:04 | Build | Farm |
| 13:05 | Build | Farm |
| 13:22 | Create | Villager (Male) |
| 13:23 | Create | Villager (Male) |
| 13:48 | Build | Stable |
| 14:03 | Create | Villager (Male) |
| 14:03 | Create | Villager (Male) |
| 14:03 | Create | Villager (Male) |
| 14:10 | Build | House |
| 14:15 | Build | Farm |
| 14:18 | Research | Wheelbarrow |
| 14:32 | Create | Villager (Male) |
| 14:32 | Create | Villager (Male) |
| 14:45 | Research | Town Watch |
| 14:58 | Create | Villager (Male) |
| 14:58 | Create | Villager (Male) |
| 15:01 | Build | Farm |
| 15:05 | Build | Market |
| 15:14 | Build | House |
| 15:20 | Build | House |
| 15:26 | Create | Villager (Male) |
| 15:27 | Create | Villager (Male) |
| 15:32 | Build | House |
| 15:41 | Research | Bloodlines |
| 15:44 | Create | Villager (Male) |
| 16:09 | Create | Villager (Male) |
| 16:19 | Create | Scout Cavalry |
| 16:24 | Build | Blacksmith |
| 16:55 | Create | Villager (Male) |
| 16:55 | Create | Villager (Male) |
| 17:18 | Create | Scout Cavalry |
| 17:19 | Create | Villager (Male) |
| 17:19 | Create | Villager (Male) |
| 17:38 | Research | Scale Barding Armor |
| 18:20 | Create | Villager (Male) |
| 18:21 | Create | Scout Cavalry ×2 |
| 18:43 | Build | Watch Tower |
| 19:33 | Create | Villager (Male) |
| 19:33 | Create | Villager (Male) |
| 19:41 | Build | Farm |
| 19:42 | Build | Farm |
| 20:13 | Build | Watch Tower |
| 20:32 | Build | Farm |
| 20:57 | Build | Farm |
| 21:00 | Build | Farm |
| 21:20 | Research | Forging |
| 21:27 | Build | Farm |
| 21:30 | Build | Farm |
| 21:34 | Build | Farm |
| 21:40 | Build | Farm |
| 21:44 | Create | Scout Cavalry |
| 21:44 | Create | Villager (Male) |
| 21:49 | Build | Farm |
| 21:51 | Build | Farm |
| 22:06 | Create | Scout Cavalry |
| 22:37 | Create | Scout Cavalry |
| 22:37 | Create | Scout Cavalry |
| 22:40 | Build | Stable |
| 23:28 | Create | Villager (Male) |
| 23:28 | Create | Villager (Male) |
| 23:46 | Create | Villager (Male) |
| 23:58 | Build | Mill |
| 24:12 | Create | Villager (Male) |
| 24:22 | Create | Scout Cavalry ×4 |
| 24:29 | Build | House |
| 24:31 | Build | House |
| 24:35 | Build | Watch Tower |
| 24:44 | Build | Watch Tower |
| 24:54 | Build | Farm |
| 24:58 | Create | Villager (Male) |
| 25:05 | Build | Farm |
| 25:32 | Create | Villager (Male) |
| 25:38 | Create | Scout Cavalry |
| 25:41 | Build | Farm |
| 25:43 | Build | Farm |
| 26:16 | Create | Scout Cavalry |
| 26:16 | Create | Scout Cavalry |
| 26:34 | Create | Villager (Male) |
| 26:34 | Create | Villager (Male) |
| 26:37 | Build | Farm |
| 27:34 | Research | Castle Age |
| 27:42 | Create | Scout Cavalry ×3 |
| 28:52 | Create | Scout Cavalry |
| 28:52 | Create | Scout Cavalry |
| 28:52 | Create | Scout Cavalry |
| 28:58 | Build | House |
| 29:21 | Create | Villager (Male) |
| 29:21 | Create | Villager (Male) |
| 29:32 | Create | Scout Cavalry |
| 29:32 | Create | Scout Cavalry |
| 29:39 | Create | Villager (Male) |
| 29:45 | Build | House |
| 29:55 | Create | Villager (Male) |
| 30:14 | Age | Castle Age |
| 30:17 | Research | Light Cavalry (upgrade) |
| 30:22 | Research | Chain Barding Armor |
| 30:42 | Create | Villager (Male) |
| 30:43 | Create | Villager (Male) |
| 30:44 | Build | Mining Camp |
| 30:47 | Create | Villager (Male) |
| 30:47 | Create | Villager (Male) |
| 31:09 | Create | Villager (Male) |
| 31:09 | Create | Villager (Male) |
| 31:30 | Create | Villager (Male) |
Match timeline
| 9:22 | DS_Gitano Urbano · age_up feudal |
| 10:20 | DS_Gitano Urbano · first_market_sell 100 stone |
| 10:28 | bl1ss · age_up feudal |
| 11:20 | bl1ss · first_building Barracks |
| 13:32 | DS_Gitano Urbano · age_up castle |
| 13:38 | DS_Gitano Urbano · first_building Siege Workshop |
| 13:48 | bl1ss · first_building Stable |
| 14:50 | DS_Gitano Urbano · first_market_buy 100 wood |
| 17:16 | bl1ss · first_market_sell 100 wood |
| 17:17 | bl1ss · first_market_buy 100 food |
| 24:10 | DS_Gitano Urbano · first_building Barracks |
| 30:14 | bl1ss · age_up castle |
| 32:02 | DS_Gitano Urbano · wall_segment Palisade Wall x1 |
| 32:07 | DS_Gitano Urbano · wall_segment Palisade Wall x1 |
| 32:08 | DS_Gitano Urbano · wall_segment Palisade Wall x1 |
| 32:12 | DS_Gitano Urbano · wall_segment Palisade Wall x1 |
| 32:16 | DS_Gitano Urbano · wall_segment Palisade Wall x1 |
| 34:19 | DS_Gitano Urbano · wall_segment Palisade Wall x1 |
| 34:23 | DS_Gitano Urbano · wall_segment Palisade Wall x1 |
| 34:24 | DS_Gitano Urbano · wall_segment Palisade Wall x1 |
| 35:28 | DS_Gitano Urbano · resign |
[ AI ANALYSIS · 1 CREDIT ]
What really happened in this match?
Wolo.gg analyzes every decision: build order, eco, micro, common mistakes by bracket. Personalized analysis on WhatsApp or Discord in 30 seconds.
Civ guide
Burmese
Perfil
DS_Gitano Urbano